 Dungeon Crawl Stone Soup version 0.28.0 (webtiles) character file.

Game seed: 2720091083087315259

72 ProzacElf the Cudgeller (level 4, 0/37 HPs)
             Began as a Palentonga Fighter on Feb 15, 2022.
             Killed by divine providence
             ... invoked by an orc priest
              (13 damage)
             ... on level 3 of the Dungeon.
             The game lasted 00:05:14 (2128 turns).

ProzacElf the Cudgeller (Palentonga Fighter)        Turns: 2128, Time: 00:05:15

Health: 0/37       AC:  6    Str: 20    XL:     4   Next: 6%
Magic:  4/4        EV:  7    Int:  8    God:
Gold:   107        SH:  4    Dex: 11    Spells: 3/3 levels left

rFire   . . .      SeeInvis +   a - +0 flail
rCold   . . .      Faith    .   c - +0 buckler
rNeg    . . .      Spirit   .   b - +0 scale mail
rPois   .          Reflect  .   (no helmet)
rElec   .          Harm     .   (no cloak)
rCorr   .          Rampage  .   (no gloves)
Will    .....                   (no barding)
Stlth   ..........              (no amulet)
HPRegen 0.12/turn               (no ring)
MPRegen 0.09/turn               (no ring)

@: no status effects
A: large, rugged brown scales 3, see invisible, deformed body, roll 1, armoured
tail
a: Rolling Charge


You were on level 3 of the Dungeon.
You visited 1 branch of the dungeon, and saw 3 of its levels.

You collected 107 gold pieces.

Inventory:

Hand Weapons
 a - a +0 flail (weapon)
Missiles
 f - 33 arrows
 g - 24 stones
 k - 24 bolts
Armour
 b - a +0 scale mail (worn)
 c - a +0 buckler (worn)
Magical Staves
 i - a staff of poison
Scrolls
 e - a scroll of amnesia {unknown}
 l - a scroll of fog {unknown}
 m - a scroll of identify {unknown}
Potions
 d - a potion of might
 h - a potion of heal wounds
 j - 2 potions of brilliance {unknown}


   Skills:
 - Level 3.0 Fighting
 + Level 3.9 Maces & Flails
 - Level 3.0 Armour
 - Level 2.4 Shields


You had 3 spell levels left.
You didn't know any spells.
Your spell library contained the following spells:

 Spells                   Type           Power      Damage    Failure   Level
 Gell's Gravitas          Tloc           0%         N/A       99%         3
 Teleport Other           Tloc           0%         N/A       99%         3
 Dispersal                Tloc           0%         N/A       100%        6


Dungeon Overview and Level Annotations

Branches:
Dungeon (3/15)

Altars:

Shops:
D:1 *


Innate Abilities, Weirdness & Mutations

You are completely covered in rugged brown scales. (AC +3, +7% HP)
You have supernaturally acute eyesight. (SInv)
Armour fits poorly on your strangely shaped body.
You can roll at nearby foes to attack.
You have a long armoured tail.


Message History

Ye roll forward wit' a clatter o' scales! 2 gnolls come inta view.
Ye bludgeon tha gnoll!!
Ye kill tha gnoll!
Ye hear a shout! x2
Tha gnoll hits ye from afar wit' a +0 spear.
Ye haf reached level 4!
Ye feel stronger.
MP restored: 4 Ye closely miss tha gnoll.
Yer tail-slap misses tha gnoll.
Tha gnoll hits ye wit' a +0 whip.
Tha gnoll hits ye from afar wit' a +0 spear.
Ye take 8 damage, an' haf 24/37 hp.
MASSIVE DAMAGE!!
Ye sock tha gnoll!
Tha gnoll be almost dead.
Tha gnoll hits ye from afar wit' a +0 spear.
Tha gnoll hits ye wit' a +0 whip.
Tha gnoll hits ye from afar wit' a +0 spear.
* * * LOW HITPOINT WARNIN'
* * * Ye take 14 damage, an' haf 10/37 hp.
MASSIVE DAMAGE!!
An orc an' an orc priest come inta view.
Tha orc shouts!
Tha orc priest shouts!
Ye hear a shout!
Tha gnoll throws a throwin' net.
Tha throwin' net barely misses ye.
Ye see 'ere a throwin' net.
An orc comes inta view.
It be wieldin' a +0 short sword.
Tha orc shouts!
Tha orc priest begins ta cast a cantrip, but forgets tha words!
A giant cockroach comes inta view.
Ye enter tha shallow water.
Movin' in 'tis stuff be goin' ta be slow.
Tha giant cockroach closely misses ye. x2
Found a stone staircase leadin' up.
Tha giant cockroach bites ye but does nay damage.
Tha orc hits ye but does nay damage.
Tha giant cockroach barely misses ye.
Thar be a stone staircase leadin' up 'ere.
Tha giant cockroach bites ye but does nay damage.
Tha orc priest mumbles some strange prayers ta Beogh against ye.
Beogh smites ye!
Ye die...

#...≈≈≈≈≈≈≈≈≈≈≈≈≈≈≈≈≈ #
#.....g≈≈≈≈P≈≈≈≈≈≈≈≈≈
...#.....≈.≈≈.≈≈P≈..P.≈≈
................≈P≈.....
.....#..o#.#.#......###.
.### #..o#.#.#..###.###.
#.g.#.#.#...##...#.
#.Bo#.#.#........#.
#.@.....###o##.....
#.###.### #g(#..... ...
.# ####.#..... #.... #
#.....# .. #....
#.##..## . ...... #
#...# ...#### #.#.....
... #.#..... #...)......


You could see an orc priest, 2 gnolls, 2 orcs and a giant cockroach.

Vanquished Creatures
  2 adders (D:2)
  A gnoll (D:3)
  A dart slug (D:3)
  2 orcs
  5 endoplasms
  A giant cockroach (D:2)
  7 goblins
  2 hobgoblins (D:2)
  2 quokkas (D:2)
  3 ball pythons (D:2)
  4 bats
  2 frilled lizards
  5 kobolds
  3 rats
40 creatures vanquished.

Notes
Turn   | Place    | Note
-------+----------+-------------------------------------------
     0 | D:1      | ProzacElf the Palentonga Fighter began the quest for the
                  | Orb.
     0 | D:1      | Reached XP level 1. HP: 19/19 MP: 1/1
   640 | D:1      | Found Xitoall's Assorted Antiques.
   682 | D:1      | Reached XP level 2. HP: 25/25 MP: 2/2
  1037 | D:2      | Reached XP level 3. HP: 10/31 MP: 3/3
  2102 | D:3      | Reached XP level 4. HP: 32/37 MP: 4/4
  2128 | D:3      | Killed from afar by an orc priest

Illustrated notes

Levels and vault maps discovered:
D:1:      lightli_arrival_lavapool, layout_basic, serial_shops,
          nicolae_shop_behind_doors
D:2:      layout_rooms, interstate_on_off, grunt_ministairs_2
D:3:      corexii_shack_village, layout_basic,
          hellmonk_ecumenical_altar_arch_garden, serial_park_tiny_pond,
          minmay_fountain_box, chequers_big_river, st_stairs_1,
          grunt_decor_resistance

Skill      XL: |  1  2  3 |
---------------+----------+-----
Armour         | 3 |  3.0
Maces & Flails | 3 |  3.9
Fighting       | |  3.0
Shields        | |  2.4

Action                   |  1- 3 |  4- 6 || total
-------------------------+-------+-------++-------
Melee: Flail             |   105 |     2 ||   107
       Tailslap          |     9 |       ||     9
 Abil: Rolling Charge    |     3 |       ||     3
  Use: Potion            |     1 |       ||     1
Armor: Scale mail        |    48 |     3 ||    51
Dodge: Dodged            |    40 |     4 ||    44
Block: Buckler           |    15 |       ||    15
